 Dungeon Crawl Stone Soup version 0.30.1 (webtiles) character file.

Game seed: 10980433397571137643

4050 javelincjr the Covert (level 10, -2/69 HPs)
             Began as an Octopode Summoner on July 3, 2023.
             Was a Follower of Ashenzari.
             Slain by a wolf (8 damage)
             ... on level 8 of the Dungeon.
             The game lasted 00:33:42 (7115 turns).

javelincjr the Covert (Octopode Summoner)           Turns: 7115, Time: 00:33:43

Health: -2/69      AC:  1    Str: 13    XL:     10   Next: 24%
Magic:  15/25      EV: 14    Int: 37    God:    Ashenzari [*.....]
Gold:   329        SH:  3    Dex: 11    Spells: 12/21 levels left

rFire   x . .        y - +6 Majin-Bo {spellvamp, MP+6 Int+6}
rCold   + . .        H - +0 buckler of Zidihe {*Slow rElec rPois Int+5}
rNeg    + . .        (helmet restricted)
rPois   +            s - amulet of regeneration
rElec   +            e - +6 ring of strength
rCorr   +            p - ring "Shattered Together" {rN+, Cun, Elem} (curse)
SInv    +            r - ring of the Lashed Stickiness {rCorr, Elem, Comp} (curse)
Will    .....        B - ring of see invisible
Stlth   +++++        E - ring of the Gnostic Comet {Ice, Self, Elem} (curse)
HPRegen 1.11/turn    F - ring of wizardry
MPRegen 0.19/turn    (no ring)
                     (no ring)

%: random rage (3%), slow self (1%), wizardry (x1)
@: no status effects
A: almost no armour, amphibious, 8 rings, camouflage 1, gelatinous body 1,
(nimble swimmer 1), tentacles, tentacle spike 1, berserk 1, clever 1
a: Renounce Religion, Curse Item, Shatter the Chains


You were on level 8 of the Dungeon.
You worshipped Ashenzari.
Ashenzari was aware of your devotion.
You visited 2 branches of the dungeon, and saw 9 of its levels.
You also visited: Ossuary.

You collected 537 gold pieces.
You spent 208 gold pieces at shops.

Inventory:

Hand Weapons
 b - a +3 short sword of electrocution
 y - the +6 Majin-Bo (weapon) {spellvamp, MP+6 Int+6}
   (You acquired it on level 6 of the Dungeon)

   Int:       It affects your intelligence (+6).
   MP:        It affects your magic capacity (+6).
Armour
 o - an orb of light
 H - the +0 buckler of Zidihe (worn) {*Slow rElec rPois Int+5}
   (You acquired it on level 7 of the Dungeon)

   Int:       It affects your intelligence (+5).
   rElec:     It insulates you from electricity.
   rPois:     It protects you from poison.
   *Slow:     It may slow you when you take damage.
Jewellery
 e - a +6 ring of strength (left tentacle)
 p - the cursed ring "Shattered Together" (right tentacle) {rN+, Cun, Elem}
   (You found it on level 4 of the Dungeon)

   [ring of positive energy]

   rN:        It protects you from negative energy.
   It has a curse which improves the following skills: Cunning: Dodging and
   Stealth.
   Elements:  Fire Magic, Ice Magic, Air Magic and Earth Magic.
 r - the cursed ring of the Lashed Stickiness (on tentacle) {rCorr, Elem, Comp}
   (You found it on level 4 of the Dungeon)

   [ring of resist corrosion]

   rCorr:     It protects you from acid and corrosion.
   It has a curse which improves the following skills: Elements: Fire Magic, Ice
   Magic, Air Magic and Earth Magic.
   Companions: Summonings and Necromancy.
 s - an amulet of regeneration (around mantle)
 B - a ring of see invisible (on tentacle)
 E - the cursed ring of the Gnostic Comet (on tentacle) {Ice, Self, Elem}
   (You found it on level 5 of the Dungeon)

   [ring of ice]

   It enhances your ice magic.
   rF:        It makes you vulnerable to fire.
   rC:        It protects you from cold.
   It has a curse which improves the following skills: Introspection: Fighting
   and Spellcasting.
   Elements:  Fire Magic, Ice Magic, Air Magic and Earth Magic.
 F - a ring of wizardry (on tentacle)
Wands
 c - a wand of iceblast (10)
 f - a wand of acid (19)
 i - a wand of flame (19)
 D - a wand of mindburst (10)
 I - a wand of polymorph (9)
Scrolls
 d - a scroll of enchant armour
 g - 5 scrolls of teleportation
 k - 2 scrolls of fog
 n - 2 scrolls of amnesia
 t - a scroll of enchant weapon
 x - 2 scrolls of brand weapon
 z - 3 scrolls of blinking
 A - 2 scrolls of immolation
 K - a scroll of fear
Potions
 a - a potion of magic
 h - 7 potions of curing
 j - a potion of haste
 l - 2 potions of cancellation
 m - a potion of flight
 q - a potion of invisibility
 u - 5 potions of might
 v - 3 potions of degeneration
 w - 2 potions of brilliance
 C - a potion of attraction
 G - 3 potions of lignification
 J - 2 potions of resistance


   Skills:
 + Level 5.6(6.4) Fighting
 + Level 6.2(7.0) Dodging
 + Level 8.9(9.7) Stealth
 + Level 5.6(6.4) Spellcasting
 * Level 8.4(9.2) Summonings
 + Level 4.0(4.8) Necromancy


You had 12 spell levels left.
You knew the following spells:

 Your Spells              Type           Power      Damage    Failure   Level
a - Call Canine Familiar  Summ           69%        N/A       1%          3
b - Call Imp              Summ           100%       N/A       1%          2
c - Summon Lightning Spi  Summ/Air       46%        N/A       2%          4

Your spell library contained the following spells:

 Spells                   Type           Power      Damage    Failure   Level
 Summon Small Mammal      Summ           100%       N/A       1%          1
 Summon Guardian Golem    Hex/Summ       46%        N/A       1%          3
 Poisonous Vapours        Pois/Air       24%        N/A       2%          2
 Ignite Poison            Fire/Tmut/Pois 12%        N/A       5%          3
 Mephitic Cloud           Conj/Pois/Air  12%        N/A       5%          3
 Portal Projectile        Hex/Tloc       22%        N/A       5%          3
 Tukima's Dance           Hex            11%        N/A       5%          3
 Sticky Flame             Conj/Fire      12%        2d4       16%         4
 Manifold Assault         Tloc           11%        N/A       17%         4
 Summon Hydra             Summ           34%        N/A       32%         7
 Freezing Cloud           Conj/Ice/Air   9%         6-21      41%         5
 Blade Hands              Tmut           5%         N/A       43%         5
 Dispersal                Tloc           5%         N/A       92%         6
 Borgnjor's Revivificati  Necr           23%        N/A       100%        8
 Disjunction              Tloc           5%         N/A       100%        8
 Ignition                 Fire           6%         3d4       100%        8
 Necromutation            Tmut/Necr      14%        N/A       100%        8
 Death's Door             Necr           23%        N/A       100%        9


Dungeon Overview and Level Annotations

Branches:
Dungeon (8/15)             Temple (1/1) D:5         Ossuary (visited)
   Lair: D:8-11

Altars:
Ashenzari
Cheibriados
Dithmenos
Elyvilon
Fedhas
Gozag
Hepliaklqana
Kikubaaqudgha
Makhleb
Okawaru
Qazlal
Ru
Sif Muna
Trog
Uskayaw
Vehumet
Wu Jian
Xom
Yredelemnul
Zin
The Shining One

Shops:
D:2 (   D:5 :([   D:7 :

Annotations:
D:8 3 runed translucent doors, LustLizard's ghost, novice DEAE


Innate Abilities, Weirdness & Mutations

You cannot wear most types of armour.
You are amphibious.
You can wear up to eight rings at the same time.
Your skin changes colour to match your surroundings (Stealth+).
Your rubbery body absorbs attacks. (AC +1, EV +1)
((You are camouflaged when in or above water. (Stealth+)))
You have tentacles for arms and can constrict up to eight enemies at once.
One of your tentacles bears a spike.
You sometimes lose your temper in combat.
Your mind is acute. (Int +4, Str/Dex -1)


Message History

The rime drake bites your warg.
Your warg dies!
Your warg's corpse disappears in a puff of smoke!
Your cerulean imp hits the white imp from afar with a +1 spear!
The white imp attacks as you move away! The white imp hits you.
* * * LOW HITPOINT WARNING * * *
The white imp freezes you. You resist.
* * * LOW HITPOINT WARNING * * *
The ice encasing you melts away. The wolf closely misses you.
The rime drake breathes ice at your cerulean imp.
The icy flash freeze hits your cerulean imp!
Your cerulean imp is flash-frozen.
The white imp hits your lightning spire but does no damage.
The wolf closely misses you.
Casting: Call Imp (safe; 1% risk of failure)
Confirm with . or Enter, or press ? or * to list all spells.
* * * LOW HITPOINT WARNING * * *
The wolf bites you!
* * * LOW HITPOINT WARNING * * *
The white imp barely misses your lightning spire.
The wolf bites you.
* * * LOW HITPOINT WARNING * * *
The white imp hits your lightning spire but does no damage.
Your lightning spire shoots out a bolt of lightning at the white imp!
The bolt of electricity hits the white imp!
The white imp dies!
The rime drake bites your cerulean imp.
Your cerulean imp dies!
Your cerulean imp disappears in a puff of smoke!
The rime drake hisses angrily.
The wolf barely misses your warg.
Your warg bites the wolf!
The wolf bites your warg!
Your warg closely misses the wolf.
You closely miss the wolf. Your grab misses the wolf.
Your tentacle spike misses the wolf.
Your squeeze misses the wolf.
The wolf is severely wounded.
Your lightning spire disappears in a puff of smoke!
You block the wolf's attack.
Your warg bites the wolf!
The wolf bites you!
You die...

.?.#...............#......
...#...............#..... .
...#...............#..... ..
..##..##..######..##...# ...
..##..##..##..##..##...##..#
...#####....<..#...........#.
..## ##......#.....†.§.....
.## ...#......#.h.).k....# .#
....+......#@h.§......# .#
=JJ..+......#............. .#
.JJ..+..#####...##..##+...
.##.....#...####...###+# ..
..##.{.##...#.......# .
...#####....#..<....#
............+.......#
......##....####...## ##
......##....####...####...


You could see a rime drake, a wolf (ally target) and a friendly warg (summoned).

Vanquished Creatures
  Grinder (D:3)
  2 ice beasts (D:7)
  A black bear (D:5)
  2 ogres
  An elf zombie (Ossuary)
  2 phantoms
  5 wights
  2 hounds (D:5)
  2 human zombies (Ossuary)
  3 orc priests
  A sleepcap (D:5)
  2 gnoll boudas
  3 orc wizards
  Ijyb (D:3)
  An iguana (D:6)
  4 mummies
  3 gnolls
  7 adders
  An ufetubus (D:6)
  An adder skeleton (D:2)
  3 worms
  A dart slug (D:1)
  27 orcs
  7 ball pythons
  5 bats
  4 giant cockroaches
  2 gnoll zombies (Ossuary)
  10 goblins
  2 hobgoblins
  5 jackals
  9 kobolds
  2 quokkas
  3 hobgoblin zombies (Ossuary)
  A kobold zombie (Ossuary)
  A rat (D:1)
  A rat zombie (Ossuary)
128 creatures vanquished.

Vanquished Creatures (collateral kills)
  A two-headed ogre (D:8)
  Maurice (D:8)
  Grum (D:8)
  A steam dragon (D:8)
  Menkaure (D:6)
  A black bear (D:7)
  An ice beast (D:8)
  3 wolves (D:8)
  2 bullfrogs
  2 wights
  A hound (D:7)
  2 iguanas
  A sleepcap (D:5)
  An orc wizard (D:4)
  A mummy (Ossuary)
  Robin (D:3)
  3 adders
  4 gnolls
  A shadow imp (D:6)
  2 white imps
  A worm (D:3)
  A dart slug (D:3)
  4 orcs
  2 endoplasms (D:2)
  3 hobgoblins
  2 jackals
  A kobold (D:3)
  2 quokkas (D:1)
  5 ball pythons
  A ball python zombie (D:2)
  A bat (D:2)
  A frilled lizard (D:2)
  9 goblins
  A goblin zombie (Ossuary)
  2 rats (D:2)
  A rat zombie (Ossuary)
68 creatures vanquished.

Grand Total: 196 creatures vanquished

Notes
Turn   | Place    | Note
-------+----------+-------------------------------------------
     0 | D:1      | javelincjr the Octopode Summoner began the quest for the
                  | Orb.
     0 | D:1      | Reached XP level 1. HP: 11/11 MP: 3/3
    75 | D:1      | You fall into a shaft and drop 1 floor!
   100 | D:2      | Reached XP level 2. HP: 13/17 MP: 1/5
   217 | D:1      | Learned a level 2 spell: Call Imp
   374 | D:1      | Reached XP level 3. HP: 18/21 MP: 3/6
   814 | D:1      | Found a faded altar of an unknown god.
  1304 | D:2      | Found Ginamiuq's Antique Weapon Shoppe.
  1315 | D:2      | Reached XP level 4. HP: 27/27 MP: 3/7
  1373 | D:2      | Reached skill level 1 in Fighting
  1513 | D:2      | Learned a level 3 spell: Call Canine Familiar
  1778 | D:2      | Gained mutation: Your spells are a little easier to cast,
                  | but a little less powerful. [potion of mutation]
  1778 | D:2      | Gained mutation: You are covered in fur. (AC +1) [potion of
                  | mutation]
  1779 | D:2      | Lost mutation: You are covered in fur. (AC +1) [potion of
                  | mutation]
  1779 | D:2      | Lost mutation: Your spells are a little easier to cast, but
                  | a little less powerful. [potion of mutation]
  1779 | D:2      | Gained mutation: You sometimes lose your temper in combat.
                  | [potion of mutation]
  1779 | D:2      | Gained mutation: One of your tentacles bears a spike.
                  | [potion of mutation]
  1779 | D:2      | Gained mutation: Your mind is acute. (Int +4, Str/Dex -1)
                  | [potion of mutation]
  2223 | D:3      | Noticed Ijyb
  2233 | D:3      | Killed Ijyb
  2234 | D:3      | Reached XP level 5. HP: 25/33 MP: 2/9
  2312 | D:3      | Noticed Grinder
  2318 | D:3      | Killed Grinder
  2319 | D:3      | Reached XP level 6. HP: 31/39 MP: 5/10
  2463 | D:3      | Noticed Robin
  2478 | D:3      | Reached skill level 5 in Summonings
  2493 | D:3      | Killed Robin
  2494 | D:3      | Reached skill level 5 in Stealth
  3022 | D:4      | Reached XP level 7. HP: 29/45 MP: 8/12
  3269 | D:4      | Found a sand-covered staircase.
  3276 | Ossuary  | Entered an ossuary
  3780 | D:4      | Reached XP level 8. HP: 47/52 MP: 7/14
  3828 | D:4      | Found a glowing golden altar of the Shining One.
  3951 | D:5      | Entered Level 5 of the Dungeon
  4021 | D:5      | Found a staircase to the Ecumenical Temple.
  4063 | Temple   | Entered the Ecumenical Temple
  4080 | Temple   | Became a worshipper of Ashenzari the Shackled
  4400 | D:5      | Found Footuph's Tiny Tomes.
  4405 | D:5      | Bought Dirhu's Discursus on the Familiar for 208 gold
                  | pieces
  4449 | D:5      | Found Xuyl's Antique Weapon Shoppe.
  4449 | D:5      | Found Tawo's Armour Boutique.
  4651 | D:5      | Identified the +1 chain mail "Toqeify" {rN+ Int+3}
  4715 | D:5      | Reached skill level 1 in Necromancy
  4967 | D:5      | Found a white marble altar of Elyvilon.
  5061 | D:6      | Noticed Menkaure
  5082 | D:6      | Killed Menkaure
  5418 | D:6      | Reached skill level 5 in Dodging
  5780 | D:6      | Reached XP level 9. HP: 59/59 MP: 12/16
  5824 | D:6      | Reached * piety under Ashenzari
  5824 | D:6      | Identified a scroll of acquirement
  5825 | D:6      | Acquired the +6 Majin-Bo {spellvamp, MP+6 Int+6}
  5825 | D:6      | Found the +6 Majin-Bo {spellvamp, MP+6 Int+6}
  6194 | D:7      | Acquired the +0 buckler of Zidihe {*Slow rElec rPois Int+5}
  6218 | D:7      | Found Huaxkairi's Book Shoppe.
  6380 | D:7      | Reached skill level 5 in Spellcasting
  6873 | D:8      | Noticed LustLizard's ghost (novice DEAE)
  6873 | D:8      | Found a runed translucent gate.
  6873 | D:8      | Found a runed translucent gate.
  6873 | D:8      | Found a runed translucent gate.
  6887 | D:8      | Noticed Maurice
  6902 | D:8      | Killed Maurice
  6903 | D:8      | Reached skill level 5 in Fighting
  6913 | D:8      | Learned a level 4 spell: Summon Lightning Spire
  6969 | D:8      | Noticed a two-headed ogre
  6976 | D:8      | Killed a two-headed ogre
  6977 | D:8      | Reached XP level 10. HP: 68/68 MP: 18/19
  7089 | D:8      | Noticed Grum
  7100 | D:8      | Killed Grum
  7112 | D:8      | HP: 2/69 [wolf (5)]
  7115 | D:8      | Slain by a wolf

Illustrated notes

Levels and vault maps discovered:
D:1:      dpeg_arrival_oval, layout_basic, hellmonk_ecumenical_altar_run_dry,
          serial_bayou, serial_bayou_ford_a, serial_bayou_shore_a,
          serial_bayou_pond_e, serial_bayou_crossing, nicolae_wormholes
D:2:      layout_rooms, serial_undead, serial_undead_a, serial_undead_b,
          serial_undead_a, serial_undead_b, serial_shops, shop
D:3:      layout_basic, uniq_robin, uniq_grinder, uniq_ijyb
D:4:      layout_basic, tso_oasis_becter, gup_ossuary_entry_pyramid
D:5:      layout_loops_ring, lemuel_tele_altar, minmay_temple_entry_ruins,
          nicolae_wooded_promenade, serial_bayou_pond_a,
          nicolae_shop_i_like_small_books_too
D:6:      layout_loops_corners, eino_tiny_chamber, uniq_menkaure
D:7:      layout_basic, serial_shops, shop_fountains
D:8:      layout_gridville, hellmonk_lair_entry_icy, gammafunk_ghost_ooze,
          uniq_maurice, uniq_grum, uniq_pikel
Temple:   nicolae_temple_bog_church

Skill      XL: |  1  2  3  4  5  6  7  8  9 10 |
---------------+-------------------------------+-----
Stealth        | 3 4 5 6 7 8 |  8.9
Fighting       | 1 2 3 4 5 |  5.6
Dodging        | 3 4 5 6 |  6.2
Spellcasting   | 3 4 5 |  5.6
Summonings     | 5 6 8 |  8.4
Necromancy     | 2 3 4 |  4.0

Action                     |  1- 3 |  4- 6 |  7- 9 | 10-12 || total
---------------------------+-------+-------+-------+-------++-------
  Melee: Unarmed           |    26 |       |       |       ||    26
         Tentacles         |    12 |    13 |    32 |       ||    57
         Constrict         |    18 |    21 |    44 |       ||    83
         Short sword       |    35 |    62 |   102 |       ||   199
         Punch             |     1 |       |     8 |       ||     9
         Kick              |       |    13 |    50 |     1 ||    64
         Bo                |       |       |    33 |     2 ||    35
   Cast: Summon Small Mamm |     8 |       |       |       ||     8
         Call Imp          |    14 |    11 |    28 |     2 ||    55
         Call Canine Famil |       |     7 |    18 |     2 ||    27
         Summon Lightning  |       |       |     1 |     1 ||     2
 Invoke: Curse Item        |       |       |     3 |       ||     3
    Use: Scroll            |       |     7 |     7 |       ||    14
         Potion            |       |     2 |       |       ||     2
   Stab: Sleeping          |     3 |     3 |     6 |       ||    12
         Distracted        |       |       |     2 |       ||     2
 Armour: Skin              |     9 |     6 |     5 |       ||    20
  Dodge: Dodged            |    54 |    24 |   100 |     3 ||   181
  Block: Buckler           |       |       |     4 |     2 ||     6
